 Dungeon Crawl Stone Soup version 0.24-a0-173-gc15b636e9c (webtiles) character file.

Game seed: 4184958302132205349

63 nawrastar the Skirmisher (level 3, -4/29 HPs)
             Began as a Mummy Fighter on Mar 12, 2019.
             Killed from afar by an orc wizard (10 damage)
             ... with a magic dart
             ... on level 1 of the Dungeon.
             The game lasted 00:03:06 (1927 turns).

nawrastar the Skirmisher (Mummy Fighter)            Turns: 1927, Time: 00:03:07

Health: -4/29      AC:  7    Str: 19    XL:     3   Next: 89%
Magic:  3/3        EV:  6    Int:  8    God:
Gold:   50         SH:  8    Dex: 11    Spells: 2/2 levels left

rFire    x . .     SeeInvis .   a - +0 long sword
rCold    + . .     Gourm    .   c - +0 shield
rNeg     + + +     Faith    .   b - +0 scale mail
rPois    ∞         Spirit   .   (no helmet)
rElec    .         Reflect  .   f - +0 cloak
rCorr    .         Harm     .   (no gloves)
MR       .....                  (no boots)
Stlth    ..........             (no amulet)
HPRegen  0.09/turn              (no ring)
MPRegen  0.08/turn              (no ring)

@: slowed, drained, very slow
A: no food or potions, fire vulnerability, cold resistance 1, negative energy
resistance 3, torment resistance, unbreathing
a: no special abilities


You were on level 1 of the Dungeon.
You were not hungry.

You visited 1 branch of the dungeon, and saw 2 of its levels.

You collected 50 gold pieces.

Inventory:

Hand Weapons
 a - a +0 long sword (weapon)
Armour
 b - a +0 scale mail (worn)
 c - a +0 shield (worn)
 f - a +0 cloak (worn)
Scrolls
 d - a scroll of fog {unknown}
 e - a scroll of amnesia {unknown}
 g - a scroll of identify {unknown}
 h - 2 scrolls of enchant armour {unknown}
 j - a scroll of remove curse {unknown}


   Skills:
 + Level 3.3(2.3) Fighting
 * Level 2.4(1.4) Long Blades
 + Level 2.7(1.7) Armour
 * Level 3.0(2.0) Shields


You had 2 spell levels left.
You didn't know any spells.
Your spell library was empty.

Dungeon Overview and Level Annotations

Branches:
Dungeon (2/15)

Altars:

Annotations:
D:2 Robin


Innate Abilities, Weirdness & Mutations

You do not eat or drink.
Your flesh is vulnerable to fire.
You are immune to poison.
Your flesh is cold resistant. (rC+)
You are immune to negative energy. (rN+++)
You are immune to unholy pain and torment.
You can survive without breathing.


Message History

The orc wizard blinks!
The orc wizard points at you and mumbles some strange words.
The magic dart hits you.
The orc wizard casts a spell.
The orc wizard blinks!
The orc wizard gestures wildly while chanting.
The orc wizard seems to speed up.
The orc wizard casts a spell at you.
You feel yourself slow down.
The orc wizard gestures at you while chanting.
The magic dart hits you but does no damage.
The orc wizard mumbles some strange words.
The orc wizard blinks!
The orc wizard points at you and mumbles some strange words.
The magic dart hits you!
* * * LOW HITPOINT WARNING * * *
The orc wizard completely misses you. The orc wizard casts a spell at you.
The magic dart hits you!
You die...

#.##..........#...
#.##....>..o......
#.##.##....##.#...
#.##.##....##.#...
#.##.###.#.##.....
#.##.# #o#.###....
#.##.# #.#...#....
#.##.###.###.#....
#@##.........#....
##.######.#####....
#..o...§......#....
#########.....#####
#.....# #.....#
#.....# #.....#
#.....#


You could see an orc wizard.

Vanquished Creatures
  3 adders (D:2)
  A leopard gecko (D:2)
  An orc (D:2)
  3 bats
  A giant cockroach (D:1)
  9 goblins
  A hobgoblin (D:1)
  A quokka (D:2)
  3 frilled lizards
  7 kobolds
  2 rats (D:2)
32 creatures vanquished.

Notes
Turn   | Place    | Note
-------+----------+-------------------------------------------
     0 | D:1      | nawrastar the Mummy Fighter began the quest for the Orb.
     0 | D:1      | Reached XP level 1. HP: 18/18 MP: 1/1
   981 | D:1      | Reached XP level 2. HP: 24/24 MP: 2/2
  1251 | D:2      | Reached XP level 3. HP: 23/29 MP: 3/3
  1483 | D:2      | Noticed Robin
  1927 | D:1      | Killed from afar by an orc wizard

Levels and vault maps discovered:
D:1:      dpeg_arrival_simpleton_a, layout_basic
D:2:      minmay_chambers_of_twos, layout_rooms,
          chequers_ecumenical_altar_grove, uniq_robin, uniq_jessica

Skill      XL: |  1  2  3 |
---------------+----------+-----
Long Blades    | 2 |  2.4
Shields        | 3 |  3.0
Fighting       | |  3.3
Armour         | |  2.7

Action                   || total
-------------------------++-------
Melee: Long sword        ||   130
Armor: Scale mail        ||    87
Dodge: Dodged            ||    50
Block: Shield            ||    72
       Rpst.: Long sword ||    11

Table legend:
 A = Non-vault XP
 B = Vault XP
 C = Vault XP percentage of total XP
 D = Non-vault monster count
 E = Vault monster count
 F = Vault count percentage of total count
                 A         B        C        D         E       F
            +---------+---------+-------+---------+---------+-------
      Total |      80 |      11 |  12.1 |      26 |       6 |  18.8
            +---------+---------+-------+---------+---------+-------
        D:1 |      13 |       2 |  13.3 |       8 |       1 |  11.1
        D:2 |      67 |       9 |  11.8 |      18 |       5 |  21.7
            +---------+---------+-------+---------+---------+-------
